Map: [ESL] Altitude

Players

Serral - Winner!

  • Race: Zerg Zerg
  • League: Diamond
  • Spawn Location: 7:00

GuMiho

  • Race: Terran Terran
  • Spawn Location: 1:00

Event: ESL SC2 Masters 2023 Summer (Finals)

VOD

Have the link to the VOD?

Description

Time

  • Played on: June 18, 2023, 2:22 p.m.
  • Length: 24:13

All games in this series

Show
View Real Time Build Order
Export as new Build Order

Serral Zerg - Winner!

Build Orders: Pool First 

Get SALT Encoding   

  12  0:00  Drone  
  13  0:07  Drone  
  14  0:17  Overlord  
  14  0:22  Extractor, Drone  
  16  0:35  Drone  
  16  0:41  Spawning Pool  
  15  0:45  Drone  
  15  0:48  Drone  
  17  1:09  Hatchery  
  16  1:12  Drone  
  17  1:27  Zergling x6  
  17  1:31  Queen  
  22  1:34  Extractor  
  21  1:40  Overlord  
  21  1:49  Drone  
  22  2:01  Drone  
  23  2:07  Queen  
  25  2:11  Drone  
  26  2:21  Drone x2  
  30  2:35  Overlord  
  30  2:36  Drone  
  30  2:39  Drone x2  
  30  2:40  Drone  
  30  2:44  Metabolic Boost  
  30  2:56  Hatchery, Drone  
  30  3:00  Drone  
  30  3:01  Drone  
  32  3:08  Queen  
  32  3:10  Drone  
  32  3:12  Drone  
  35  3:17  Overlord  
  35  3:19  Drone  
  36  3:20  Drone  
  36  3:22  Drone  
  36  3:24  Drone  
  36  3:26  Drone  
  40  3:28  Drone  
  41  3:34  Queen  
  43  3:43  Zergling x2  
  43  3:44  Zergling x2  
  43  3:45  Drone x2  
  43  3:48  Queen  
  49  3:49  Drone  
  49  3:51  Overlord  
  49  3:55  Overlord  
  50  3:56  Drone  
  50  4:00  Drone  
  52  4:06  Overlord  
  52  4:08  Drone x2  
  52  4:09  Queen  
  56  4:17  Lair  
  56  4:18  Zergling x2  
  56  4:19  Zergling x2  
  56  4:20  Drone  
  59  4:25  Spore Crawler x2  
  59  4:26  Spore Crawler  
  59  4:27  Drone  
  59  4:28  Drone  
  58  4:32  Drone x2  
  58  4:36  Spore Crawler  
  58  4:37  Drone  
  60  4:40  Drone x3  
  60  4:45  Extractor x2, Drone x3  
  66  4:46  Drone  
  66  4:49  Queen  
  68  4:54  Zergling x4  
  68  4:55  Overlord  
  68  4:58  Drone x2  
  68  4:59  Drone  
  73  5:02  Overlord  
  73  5:03  Drone  
  74  5:08  Overlord  
  74  5:12  Baneling Nest  
  74  5:13  Drone  
  74  5:14  Drone x2  
  75  5:15  Overseer  
  75  5:18  Drone x4  
  75  5:21  Drone x3  
  82  5:24  Drone  
  82  5:25  Extractor x2  
  82  5:27  Drone  
  82  5:28  Drone x3  
  85  5:35  Evolution Chamber x2  
  83  5:43  Hatchery  
  83  5:44  Zergling x8  
  83  5:49  Overlord, Zergling x2  
  89  5:50  Zergling x4  
  89  5:55  Overlord  
  89  5:56  Centrifugal Hooks  
  89  6:00  Zergling x2  
  89  6:01  Zerg Melee Weapons Level 1  
  89  6:02  Zerg Ground Armor Level 1  
  90  6:09  Zergling x12  
  90  6:10  Zergling x2  
  93  6:21  Zergling x8  
  82  6:30  Drone x4  
  82  6:31  Roach Warren  
  84  6:36  Drone x4  
  86  6:42  Baneling x4  
  86  6:43  Baneling x2  
  86  6:45  Zergling x4  
  88  6:52  Zergling x6  
  91  6:57  Overlord  
  91  7:00  Overlord, Queen x2  
  95  7:05  Baneling x5  
  95  7:08  Drone x3  
  98  7:10  Glial Reconstitution  
  98  7:12  Roach x3, Extractor  
  103  7:17  Drone x6  
  103  7:22  Drone x3  
  112  7:24  Overlord  
  112  7:28  Overlord  
  112  7:30  Infestation Pit  
  112  7:32  Roach x2  
  112  7:35  Roach  
  114  7:40  Roach x2  
  114  7:41  Overlord x3  
  118  7:45  Drone x4  
  118  7:47  Pneumatized Carapace  
  118  7:48  Overlord, Overseer  
  118  7:50  Drone x3  
  125  7:56  Roach x3  
  131  7:58  Zerg Missile Weapons Level 1  
  131  8:02  Zerg Melee Weapons Level 2  
  128  8:08  Roach  
  128  8:09  Roach x2  
  130  8:14  Roach x5  
  130  8:19  Drone  
  142  8:20  Drone x3  
  142  8:23  Drone x2  
  142  8:24  Drone x2  
  146  8:27  Pathogen Glands  
  146  8:30  Extractor  
  146  8:31  Extractor, Drone x3  
  146  8:32  Drone  
  148  8:39  Hatchery  
  146  8:41  Drone x2  
  146  8:44  Overlord x2  
  150  8:48  Roach x2  
  150  8:53  Roach x4  
  160  8:55  Ravager  
  160  8:56  Ravager x4  
  160  8:58  Burrow  
  165  9:09  Roach x4  
  173  9:12  Overlord x2  
  173  9:20  Zergling x8  
  173  9:23  Neural Parasite  
  175  9:31  Hive  
  175  9:37  Infestor x5  
  185  9:43  Zergling x14  
  190  9:45  Infestor x2  
  190  9:46  Infestor x3  
  190  9:47  Overlord  
  190  9:48  Overlord  
  190  9:50  Spire  
  189  9:54  Roach  
  189  9:55  Drone x4  
  192  10:00  Zerg Missile Weapons Level 2  
  192  10:03  Drone x3  
  192  10:07  Extractor  
  192  10:08  Spine Crawler  
  192  10:11  Extractor  
  179  10:14  Zergling x16  
  179  10:19  Ravager x7  
  179  10:20  Zergling x18  
  199  10:33  Overlord  
  199  10:34  Overlord  
  200  10:41  Hatchery  
  192  10:45  Roach x2  
  192  10:46  Roach x2, Zergling x28  
  192  10:50  Baneling x12  
  192  10:51  Zergling x4  
  194  11:02  Adrenal Glands  
  194  11:03  Hatchery, Greater Spire  
  193  11:15  Zergling x12  
  197  11:25  Spine Crawler  
  194  11:30  Roach x4  
  178  11:42  Roach x5  
  178  11:44  Roach x6, Infestor  
  178  11:45  Infestor x2  
  178  11:46  Zergling x24  
  198  11:57  Zerg Melee Weapons Level 3  
  198  12:00  Overlord  
  197  12:01  Zergling x4  
  197  12:07  Overseer  
  199  12:20  Extractor, Spine Crawler  
  199  12:21  Zerg Flyer Weapons Level 1  
  197  12:24  Spine Crawler  
  197  12:25  Extractor  
  195  12:34  Zergling x10  
  198  12:43  Ravager x2  
  200  12:50  Zerg Missile Weapons Level 3  
  194  12:53  Infestor x4  
  194  12:57  Hatchery, Infestor  
  197  12:59  Ravager x3  
  197  13:04  Zergling x2  
  197  13:05  Zergling x6  
  189  13:15  Roach x10, Hatchery  
  189  13:23  Zergling x26  
  199  13:27  Baneling x8  
  184  13:48  Roach x7, Zergling x2  
  184  13:49  Zergling x12  
  184  13:55  Roach x3, Zergling x16  
  176  13:59  Ravager x5  
  184  14:05  Drone x5  
  189  14:11  Roach x3  
  189  14:12  Roach  
  189  14:15  Zerg Flyer Armor Level 1  
  193  14:34  Drone x2, Zerg Ground Armor Level 2  
  195  14:42  Zergling x10  
  200  14:51  Hatchery  
  198  15:06  Zergling x8  
  199  15:07  Hatchery  
  199  15:12  Roach  
  199  15:13  Roach  
  198  15:18  Roach x2  
  198  15:31  Drone x2  
  199  15:42  Roach  
  198  15:56  Zergling x10  
  199  16:01  Baneling x18  
  190  16:11  Roach  
  190  16:12  Roach x4  
  200  16:24  Overlord  
  198  16:31  Corruptor x3  
  199  16:33  Spire  
  199  16:38  Corruptor  
  200  16:42  Corruptor x3  
  199  16:53  Corruptor x4  
  194  17:05  Corruptor x2  
  184  17:29  Roach x16  
  192  17:31  Zergling x2  
  192  17:32  Zergling x24  
  193  17:37  Roach x4  
  193  17:38  Queen x2  
  193  17:39  Zerg Ground Armor Level 3  
  193  17:43  Roach x11  
  193  17:44  Roach  
  200  17:48  Infestor  
  200  17:53  Drone x17  
  190  18:01  Infestor x3  
  190  18:02  Infestor x2  
  193  18:06  Extractor, Ravager x7  
  199  18:13  Extractor  
  199  18:15  Extractor, Spine Crawler  
  199  18:18  Spine Crawler  
  194  18:29  Zergling x12  
  194  18:32  Zerg Flyer Weapons Level 2  
  199  18:40  Spore Crawler x2  
  197  18:46  Zergling x6  
  198  18:55  Drone x5  
  195  19:02  Drone x8  
  180  19:10  Zergling x4  
  180  19:11  Zergling x18  
  180  19:16  Hatchery  
  176  19:22  Drone x11  
  176  19:23  Drone x10  
  195  19:28  Ravager x4  
  199  19:41  Baneling x4  
  196  19:51  Roach x8  
  194  20:06  Hatchery  
  187  20:12  Roach x7  
  199  20:24  Roach x6  
  199  20:29  Hatchery  
  199  20:31  Infestor  
  199  20:32  Evolution Chamber  
  199  20:35  Spine Crawler  
  197  20:36  Spine Crawler  
  196  20:48  Zerg Flyer Armor Level 2  
  195  20:54  Hatchery, Infestor  
  197  20:59  Ravager x3  
  201  21:06  Spore Crawler  
  201  21:10  Zergling x2  
  190  21:22  Zergling x22  
  196  21:37  Corruptor x3  
  199  21:43  Roach, Corruptor x10  
  191  21:55  Corruptor x5  
  191  21:56  Roach x3  
  189  22:02  Infestor  
  189  22:03  Infestor x7  
  192  22:10  Ravager x3  
  192  22:12  Roach  
  192  22:13  Roach, Infestor x8  
  177  22:23  Roach x2  
  160  22:33  Roach x3  
  149  22:42  Infestor x2  
  151  22:47  Roach x2  
  138  22:59  Roach, Spore Crawler, Infestor  
  138  23:00  Roach x3, Infestor x7  
  138  23:03  Drone x3  
  138  23:05  Drone x15  
  130  23:14  Roach x6  
  130  23:19  Infestor x2  
  145  23:30  Hatchery  
  128  23:35  Roach x4  
  136  23:44  Zergling x16  
  144  23:48  Ravager  
  144  23:49  Ravager x4  
  144  23:52  Drone  
Show
View Real Time Build Order
Export as new Build Order

GuMiho Terran 

Build Orders: Command Center First, Mech 

Get SALT Encoding   

  12  0:00  SCV  
  13  0:12  SCV  
  14  0:17  Supply Depot  
  14  0:24  SCV  
  15  0:38  SCV  
  16  0:50  SCV  
  17  0:59  Command Center  
  17  1:02  SCV  
  18  1:13  Barracks  
  18  1:16  SCV  
  19  1:21  Refinery  
  19  1:28  SCV  
  19  1:30  Refinery  
  20  1:40  SCV  
  21  1:53  SCV  
  22  2:00  Reaper  
  23  2:05  Orbital Command  
  23  2:11  Orbital Command  
  23  2:17  Factory  
  23  2:32  SCV, Marine  
  25  2:37  SCV  
  25  2:44  SCV  
  27  2:49  SCV  
  27  2:50  Barracks Tech Lab  
  28  2:56  SCV  
  29  3:01  SCV  
  29  3:04  Hellion  
  32  3:08  SCV  
  32  3:11  Starport  
  33  3:12  Supply Depot  
  33  3:14  SCV  
  33  3:15  Barracks Reactor  
  34  3:20  SCV  
  34  3:25  Hellion  
  34  3:26  SCV  
  37  3:32  SCV  
  38  3:37  Command Center  
  38  3:39  SCV  
  39  3:43  Supply Depot  
  39  3:44  SCV  
  39  3:47  Viking  
  42  3:51  SCV  
  43  3:56  SCV  
  43  4:02  Hellion  
  46  4:05  SCV, Hellion  
  46  4:07  Supply Depot  
  46  4:08  Barracks Tech Lab  
  49  4:14  SCV  
  50  4:17  SCV  
  50  4:18  Raven  
  53  4:25  Supply Depot  
  53  4:26  SCV  
  53  4:29  SCV  
  55  4:38  SCV  
  55  4:41  Hellion x2, SCV  
  55  4:44  Refinery  
  60  4:47  Refinery, Supply Depot  
  60  4:51  SCV  
  61  4:52  Orbital Command  
  61  4:53  SCV, Factory  
  61  4:54  Factory  
  62  5:03  Hellion x2  
  62  5:05  Starport Reactor  
  67  5:07  SCV x2  
  67  5:13  Armory  
  68  5:15  Armory  
  68  5:16  Engineering Bay  
  68  5:19  SCV x2  
  70  5:22  SCV  
  70  5:24  Hellion x2  
  75  5:30  Supply Depot  
  75  5:31  SCV x2  
  75  5:35  Orbital Command  
  77  5:40  Supply Depot  
  77  5:43  SCV x2, Mag-Field Accelerator  
  77  5:49  Hellion x2  
  83  5:54  Cyclone x2  
  83  5:55  SCV x2  
  91  6:03  SCV  
  91  6:04  Terran Vehicle Weapons Level 1, Terran Vehicle And Ship Armor Level 1  
  92  6:06  Refinery  
  92  6:07  SCV, Supply Depot  
  92  6:08  Refinery  
  87  6:28  Cyclone x2  
  87  6:29  Hellion x2, Medivac  
  87  6:30  SCV x2  
  87  6:31  SCV  
  100  6:35  Command Center  
  88  6:42  SCV x2  
  88  6:43  SCV  
  91  6:47  Infernal Pre-Igniter  
  91  6:50  Factory  
  91  6:51  Hellion, Factory  
  91  6:52  Hellion  
  95  6:54  SCV x2  
  95  6:55  SCV  
  95  6:56  Supply Depot  
  98  7:02  Supply Depot  
  98  7:06  SCV  
  98  7:07  SCV x2  
  101  7:10  Missile Turret  
  101  7:11  Siege Tank  
  101  7:12  Siege Tank  
  101  7:14  Hellion x2  
  111  7:18  SCV  
  111  7:22  SCV x2  
  114  7:23  Supply Depot  
  114  7:30  SCV  
  114  7:34  SCV  
  114  7:35  SCV  
  114  7:36  Supply Depot  
  117  7:38  Hellion x2, Factory Tech Lab, Factory Reactor  
  117  7:43  Supply Depot x2  
  117  7:44  Siege Tank, Supply Depot  
  124  7:45  Siege Tank  
  129  7:58  Hellion  
  129  7:59  Hellion, Terran Vehicle And Ship Armor Level 2, Terran Vehicle Weapons Level 2  
  129  8:13  SCV  
  129  8:14  SCV x2  
  129  8:16  Siege Tank  
  129  8:19  Hellion x2, Command Center x2  
  139  8:26  Thor  
  139  8:28  Thor  
  139  8:31  Hellion  
  147  8:40  Planetary Fortress  
  147  8:46  Hellion x3  
  153  8:55  Medivac x2  
  157  9:01  Refinery x2  
  157  9:05  Factory  
  157  9:06  Factory  
  157  9:08  Hellion x3, Factory  
  163  9:13  Thor  
  169  9:18  Smart Servos  
  169  9:29  Thor  
  175  9:33  Orbital Command  
  175  9:34  Orbital Command  
  175  9:38  Thor  
  175  9:39  Command Center  
  177  9:45  Medivac  
  177  9:47  Medivac  
  181  9:56  Thor  
  181  9:57  Factory Tech Lab  
  187  10:01  Factory Tech Lab  
  187  10:02  Factory Reactor  
  187  10:12  Hellion x3  
  187  10:13  Hellion x2  
  193  10:15  Thor  
  193  10:19  Medivac  
  199  10:27  Terran Vehicle And Ship Armor Level 3  
  199  10:35  Command Center  
  171  10:50  Thor  
  171  10:51  Thor  
  171  10:52  Hellion x2  
  171  10:55  Thor  
  187  10:59  Hellion x2  
  190  11:20  Thor  
  190  11:24  Hellion x2  
  200  11:27  Refinery  
  200  11:28  Refinery  
  167  11:40  Thor x2  
  167  11:41  Thor  
  167  11:43  Hellion x2  
  181  11:47  Thor  
  181  11:48  Hellion x2  
  187  11:58  Hellion x2  
  182  12:03  Thor  
  182  12:04  Hellion x2  
  182  12:05  Terran Vehicle Weapons Level 3  
  192  12:09  Hellion  
  192  12:10  Hellion  
  196  12:19  Hellion x2  
  200  12:32  Planetary Fortress  
  196  12:55  Thor  
  196  13:02  Command Center  
  196  13:06  Fusion Core, Sensor Tower  
  196  13:07  Starport  
  196  13:08  Terran Ship Weapons Level 1  
  196  13:10  Starport  
  169  13:21  Siege Tank x2  
  169  13:23  Siege Tank x2  
  169  13:24  Hellion x3  
  169  13:25  Hellion x2  
  186  13:38  Siege Tank  
  178  13:53  Siege Tank x2  
  161  13:55  Siege Tank  
  161  13:59  SCV x4  
  161  14:00  SCV  
  166  14:11  SCV, Starport Tech Lab x2  
  166  14:14  SCV x2  
  166  14:16  Hellion  
  171  14:17  Refinery  
  171  14:18  Starport Tech Lab, Refinery  
  171  14:19  Factory Tech Lab  
  171  14:23  Hellion x5  
  171  14:39  Battlecruiser x3  
  193  14:45  Hellion  
  193  14:46  Hellion x4  
  193  14:49  Weapon Refit  
  199  14:54  Missile Turret  
  199  15:04  Missile Turret  
  199  15:06  Terran Ship Weapons Level 2  
  199  15:21  Orbital Command  
  199  15:22  Orbital Command  
  199  15:37  Siege Tank  
  196  15:52  Siege Tank  
  197  16:16  Thor  
  197  16:18  Battlecruiser  
  197  16:23  Missile Turret  
  196  16:33  Factory Tech Lab  
  196  16:35  Siege Tank  
  191  16:47  Battlecruiser x2  
  185  17:22  Thor x2  
  171  17:33  Hellion x2  
  171  17:34  Hellion x2  
  159  17:45  Cyclone x2  
  153  17:55  Hellion  
  153  17:58  Hellion x3  
  149  18:03  Missile Turret  
  149  18:05  Hellion, Cyclone  
  142  18:14  Terran Ship Weapons Level 3  
  142  18:16  Orbital Command, Hellion  
  142  18:17  Hellion x2  
  142  18:19  Hellion x3  
  147  18:27  Cyclone  
  144  18:32  Battlecruiser x3  
  162  18:37  Hellion, Siege Tank  
  162  18:38  Siege Tank  
  162  18:39  Hellion  
  162  18:40  Hellion x3  
  178  18:43  Command Center x2  
  178  18:49  Barracks, Missile Turret  
  178  18:51  Supply Depot  
  178  18:59  Hellion x2  
  178  19:00  Cyclone  
  178  19:02  Hellion x2  
  185  19:09  Cyclone  
  166  19:11  Cyclone  
  144  19:20  Cyclone  
  144  19:21  Hellion x2  
  139  19:27  Hellion  
  139  19:28  Hellion  
  143  19:32  Cyclone  
  127  19:43  Cyclone  
  132  19:47  Battlecruiser  
  132  19:48  Battlecruiser  
  132  19:52  Cyclone  
  144  20:04  Cyclone  
  137  20:08  Hellion x2  
  137  20:12  Orbital Command  
  137  20:15  Cyclone  
  132  20:24  Cyclone  
  135  20:29  Hellion  
  135  20:30  Hellion, Battlecruiser  
  140  20:47  Orbital Command  
  140  20:50  Missile Turret  
  140  20:52  Cyclone  
  140  20:53  Cyclone  
  140  20:56  Hellion x2  
  140  20:57  Hellion  
  142  21:24  Cyclone  
  142  21:25  Cyclone  
  139  21:31  Hellion  
  129  21:34  Orbital Command  
  124  21:44  Orbital Command  
  123  21:53  Cyclone  
  126  21:57  Cyclone  
  129  22:05  Cyclone  
  90  22:37  Cyclone x2  
  90  22:38  Hellion x2  
  90  22:40  Hellion  
  77  23:00  Hellion  
  77  23:01  Cyclone  
  82  23:16  Hellion  
  82  23:19  Hellion x2  
  82  23:21  Hellion  
  84  23:34  Hellion  
  84  23:48  Hellion x3  
Tags
 
Add a new tag
Caveats
  • Supply blocks, unpowered buildings, or Contaminate may cause inaccurate times.
  • Supply counts are checked every 10 seconds.